 Dungeon Crawl Stone Soup version 0.30.1-3-gfc49f6343a (webtiles) character file.

Game seed: 9783226010466978076

856 GeoRichter the Vexing (level 7, 0/37 HPs)
             Began as a Deep Elf Hexslinger on July 26, 2023.
             Was a Follower of Kikubaaqudgha.
             Killed by an exploding bullfrog (36 damage)
             ... ignited by their inner flame
             ... in a sewer.
             The game lasted 00:13:05 (4646 turns).

GeoRichter the Vexing (Deep Elf Hexslinger)         Turns: 4646, Time: 00:13:05

Health: 0/37       AC:  8    Str:  7    XL:     7   Next: 70%
Magic:  9/15       EV: 13    Int: 24    God:    Kikubaaqudgha [*.....]
Gold:   168        SH:  0    Dex: 17    Spells: 3/14 levels left

rFire   . . .        z - +0 shortbow
rCold   . . .        (shield currently unavailable)
rNeg    . . .        c - +0 robe
rPois   .            (no helmet)
rElec   .            x - +2 cloak
rCorr   .            s - +2 pair of gloves
SInv    +            (no boots)
Will    .....        A - amulet of the acrobat
Stlth   ++           p - ring of see invisible
HPRegen 0.26/turn    e - +6 ring of intelligence
MPRegen 0.14/turn

%: acrobat
@: lethally poisoned (0 -> -1), portalling projectiles, studying Throwing
A: no striking features
a: Renounce Religion, Unearth Wretches


You were in a sewer.
You worshipped Kikubaaqudgha.
Kikubaaqudgha was aware of your devotion.
You visited 2 branches of the dungeon, and saw 6 of its levels.
You also visited: Sewer.

You collected 168 gold pieces.

Inventory:

Hand Weapons
 l - a +1 short sword of holy wrath
   (You took it off a kobold on level 2 of the Dungeon)
 z - a +0 shortbow (weapon)
   (You took it off a centaur on level 4 of the Dungeon)
Armour
 c - a +0 robe (worn)
 s - a +2 pair of gloves (worn)
   (You found it on level 2 of the Dungeon)
 u - a +0 leather armour
   (You found it on level 2 of the Dungeon)
 x - a +2 cloak (worn)
   (You found it on level 3 of the Dungeon)
Jewellery
 e - a +6 ring of intelligence (right hand)
   (You found it on level 3 of the Dungeon)
 p - a ring of see invisible (left hand)
   (You found it on level 2 of the Dungeon)
 A - an amulet of the acrobat (around neck)
   (You found it on level 4 of the Dungeon)
Wands
 a - a wand of iceblast (12)
   (You found it on level 4 of the Dungeon)
 C - a wand of polymorph (8)
   (You found it on level 5 of the Dungeon)
Scrolls
 b - 2 scrolls of poison {!r}
 h - a scroll of enchant armour {unknown}
 k - a scroll of blinking
 m - a scroll of enchant weapon
 n - a scroll of magic mapping {unknown}
 v - a scroll of immolation {unknown}
 w - a scroll of amnesia {unknown}
 y - 2 scrolls of brand weapon {unknown}
 B - a scroll of identify {@r1}
 D - 2 scrolls of torment {!r}
 E - a scroll of fear {unknown}
 F - a scroll of fog {unknown}
Potions
 d - 3 potions of flight
 f - 3 potions of attraction {!q}
 g - 2 potions of degeneration {unknown}
 i - a potion of mutation {unknown}
 j - 2 potions of heal wounds {@q2}
 o - 2 potions of might {unknown}
 q - 2 potions of lignification {unknown}
 r - 6 potions of brilliance {unknown}
 t - 4 potions of curing {@q1}
 G - a potion of cancellation {unknown}


   Skills:
 - Level 0.7 Fighting
 * Level 7.3 Ranged Weapons
 - Level 2.4 Dodging
 - Level 4.0 Spellcasting
 + Level 7.7 Hexes
 - Level 4.0 Fire Magic


You had 3 spell levels left.
You knew the following spells:

 Your Spells              Type           Power      Damage    Failure   Level
a - Slow                  Hex            100%       N/A       1%          1
b - Inner Flame           Hex/Fire       33%        N/A       2%          3
c - Cause Fear            Hex            21%        N/A       4%          4
d - Portal Projectile     Hex/Tloc       46%        N/A       6%          3

Your spell library contained the following spells:

 Spells                   Type           Power      Damage    Failure   Level
 Kiss of Death            Conj/Necr      16%        2d6       10%         1
 Necrotise                Necr           16%        1d4       10%         1
 Sublimation of Blood     Necr           4%         N/A       14%         2
 Ignite Poison            Fire/Tmut/Pois 11%        N/A       17%         3
 Vampiric Draining        Necr           4%         2d6       28%         3
 Vhi's Electric Charge    Tloc/Air       8%         N/A       28%         3
 Sticky Flame             Conj/Fire      14%        2d4       38%         4
 Manifold Assault         Tloc           4%         N/A       67%         4
 Arcjolt                  Conj/Air       2%         1d12      95%         5
 Dispersal                Tloc           2%         N/A       100%        6
 Disjunction              Tloc           2%         N/A       100%        8
 Ignition                 Fire           12%        3d6       100%        8
 Maxwell's Capacitive Co  Air            2%         ∞         100%        8


Dungeon Overview and Level Annotations

Branches:
Dungeon (5/15) Zot: 25936  Temple (1/1) D:5 Zot: 5939   Sewer (1/1) Zot: 5350

Altars:
Ashenzari
Cheibriados
Dithmenos
Elyvilon
Fedhas
Hepliaklqana
Kikubaaqudgha
Makhleb
Nemelex Xobeh
Okawaru
Qazlal
Ru
Sif Muna
Trog
Uskayaw
Vehumet
Wu Jian
Xom
The Shining One

Shops:
D:4 !


Message History

You are poisoned.
The adder poisons you!
Casting: Inner Flame (dangerous; 2% risk of failure)
Confirm with . or Enter, or press ? or * to list all spells.
You begin teleporting projectiles to their destination.
You feel sick. The ball python bites you. The ball python barely misses you.
The bullfrog barely misses you. The adder barely misses you.
The ball python completely misses you. The ball python closely misses you.
The bullfrog attacks as you move away! The bullfrog barely misses you.
The ball python attacks as you move away!
The ball python closely misses you.
You feel sick.
An adder comes into view.
The bullfrog completely misses you.
Okay, then.
Okay, then.
As you read the scroll labelled LEEVVA HAYS, it crumbles to dust.
Your body is wracked with pain!
* * * LOW HITPOINT WARNING * * *
The adder convulses!
The bullfrog convulses!
Flame seeps out of the bullfrog.
The ball python convulses!
The adder convulses!
The ball python convulses!
The adder convulses!
The adder hisses angrily.
It was a scroll of torment.
You feel sick.
You hear an angry hiss.
The ball python bites you but does no damage.
The ball python barely misses you. The adder closely misses you.
The bullfrog is engulfed in blazing flames.
Flame seeps out of the bullfrog.
The bullfrog misses you. The adder closely misses you.
An adder comes into view.
You feel much better.
You feel sick.
The adder hisses angrily.
The adder is engulfed in a cloud of scalding steam.
The adder closely misses you.
The bullfrog is engulfed in blazing flames.
Kikubaaqudgha accepts your kill.
The bullfrog explodes!
The fiery explosion engulfs the adder!!!
You kill the adder!
Kikubaaqudgha accepts your kill.
The fiery explosion engulfs the adder!!
You kill the adder!
Kikubaaqudgha accepts your kill.
The fiery explosion engulfs the ball python!!!
You kill the ball python!
Kikubaaqudgha accepts your kill. The fiery explosion engulfs you!!!
Ouch! That really hurt!
You die...
Kikubaaqudgha rasps: "You have failed me!
Welcome... death!"

~.~.##
##.~..##
~~~~~#
#~~≈S≈≈#
≈≈≈~≈#
#~≈~≈≈≈#
≈≈≈~~#
#≈~~~≈≈#
~≈~≈~#
#≈≈~~S≈#
~~≈~≈#
#≈≈≈~≈≈#
~≈≈≈≈#
#≈≈~§§§#
~~~≈≈#
#≈≈≈§○§#
~...##
#≈≈≈§@S#
.(.~≈#
#≈≈≈≈~~#
~.~.≈#
#≈≈~~#≈#
≈~≈~~#
#≈~~~~≈#
≈≈≈≈~#
#≈≈~~~≈#
≈≈~~≈#
#≈~~≈≈≈#
≈~~≈≈#
#≈~~~≈≈#
~~†≈≈#
#####≈~~≈≈≈#
~~.~##
#..##..~~.##


You could see 2 adders and a ball python.

Vanquished Creatures
  2 ogres (D:4)
  2 centaurs (D:4)
  A bullfrog (Sewer)
  A scorpion (D:5)
  3 iguanas (D:4)
  Terence (D:2)
  3 orc wizards (D:4)
  10 adders
  4 gnolls (D:4)
  5 river rats
  2 worms
  A dart slug (D:1)
  17 orcs
  13 ball pythons
  A bat (D:2)
  5 endoplasms
  2 giant cockroaches (D:5)
  7 goblins
  10 hobgoblins
  5 quokkas
  12 frilled lizards
  9 kobolds
  29 rats
145 creatures vanquished.

Notes
Turn   | Place    | Note
-------+----------+-------------------------------------------
     0 | D:1      | GeoRichter the Deep Elf Hexslinger began the quest for the
                  | Orb.
     0 | D:1      | Reached XP level 1. HP: 11/11 MP: 5/5
   197 | D:1      | Reached XP level 2. HP: 15/16 MP: 6/6
   735 | D:1      | Reached XP level 3. HP: 20/20 MP: 7/7
   993 | D:2      | Noticed Terence
  1161 | D:2      | Found a hide-covered altar of Uskayaw.
  1908 | D:2      | Killed Terence
  1909 | D:2      | Reached skill level 5 in Ranged Weapons
  1909 | D:2      | Reached skill level 5 in Hexes
  1909 | D:2      | Reached XP level 4. HP: 24/24 MP: 6/8
  1913 | D:2      | Learned a level 3 spell: Inner Flame
  2167 | D:3      | Found a faded altar of an unknown god.
  2378 | D:3      | Reached skill level 1 in Fire Magic
  2597 | D:4      | Reached XP level 5. HP: 28/28 MP: 4/10
  2605 | D:4      | Noticed a centaur
  2702 | D:4      | Killed a centaur
  2703 | D:4      | Reached XP level 6. HP: 33/33 MP: 8/12
  2876 | D:4      | Learned a level 4 spell: Cause Fear
  2880 | D:4      | Learned a level 3 spell: Portal Projectile
  3135 | D:4      | Reached XP level 7. HP: 37/37 MP: 5/15
  3306 | D:4      | Found Calufavi's Distillery.
  3710 | D:5      | Entered Level 5 of the Dungeon
  3722 | D:5      | Found a staircase to the Ecumenical Temple.
  3775 | Temple   | Entered the Ecumenical Temple
  3775 | Temple   | Found a transporter.
  3775 | Temple   | Found a transporter.
  3777 | Temple   | Found a transporter.
  3777 | Temple   | Found a transporter.
  3821 | Temple   | Became a worshipper of Kikubaaqudgha
  3941 | D:5      | Found a glowing drain.
  4052 | Sewer    | Entered a sewer
  4396 | Sewer    | Reached * piety under Kikubaaqudgha
  4396 | Sewer    | Received a gift from Kikubaaqudgha
  4646 | Sewer    | Killed by an exploding bullfrog... ignited by their inner
                  | flame

Illustrated notes

Levels and vault maps discovered:
D:1:      dpeg_arrival_tiny_c, layout_loops_ring
D:2:      layout_basic, basic_altar, minmay_goblin_kobold_house, uniq_terence
D:3:      layout_rooms, hellmonk_ecumenical_altar_lost_god
D:4:      layout_basic, serial_shops, nicolae_shop_tiny_real_fake_doors,
          minivault_25, minmay_manual_mares
D:5:      layout_rooms, minmay_temple_entry_stoned_glass, portal_sewer_entry_c,
          chequers_serial_rivers_micro_b, minmay_a_box_with_orc_wizards_in_it
Temple:   hellmonk_temple_divided_pantheon
Sewer:    sewer_minmay_w

Skill      XL: |  1  2  3  4  5  6  7 |
---------------+----------------------+-----
Ranged Weapons | 3 4 5 7 |  7.3
Hexes          | 5 6 7 |  7.7
Fire Magic     | 1 3 4 |  4.0
Spellcasting   | 2 3 4 |  4.0
Fighting       | |  0.7
Dodging        | |  2.4

Action                     |  1- 3 |  4- 6 |  7- 9 || total
---------------------------+-------+-------+-------++-------
   Fire: Sling             |   169 |    54 |       ||   223
         Shortbow          |       |    68 |   158 ||   226
   Cast: Slow              |    24 |     8 |     3 ||    35
         Inner Flame       |       |    11 |     7 ||    18
         Portal Projectile |       |       |     7 ||     7
    Use: Scroll            |       |     4 |     2 ||     6
         Potion            |       |     1 |     1 ||     2
 Armour: Robe              |     7 |    13 |    19 ||    39
  Dodge: Dodged            |    39 |    25 |    57 ||   121
